 Dungeon Crawl Stone Soup version 0.30-a0-368-g86fb4627a9 (webtiles) character file.

Game seed: 15445200058826065368

231 qeuew the Trooper (level 6, -2/53 HPs)
             Began as a Hill Orc Fighter on Nov 20, 2022.
             Slain by a wyvern (8 damage)
             ... on level 4 of the Dungeon.
             The game lasted 00:03:30 (2144 turns).

qeuew the Trooper (Hill Orc Fighter)                Turns: 2144, Time: 00:03:30

Health: -2/53      AC:  8    Str: 17 (18) XL:     6   Next: 4%
Magic:  6/6        EV:  9    Int: 12      God:
Gold:   262        SH:  4    Dex: 11      Spells: 5/5 levels left

rFire   . . .      SeeInvis .    a - +1 war axe
rCold   . . .      Faith    .    c - +0 buckler
rNeg    + . .      Spirit   .    b - +1 scale mail
rPois   .          Reflect  .    (no helmet)
rElec   .          Harm     .    (no cloak)
rCorr   .          Rampage  .    (no gloves)
Will    .....                    (no boots)
Stlth   ..........               (no amulet)
HPRegen 0.28/turn                i - ring of positive energy
MPRegen 0.10/turn                (no ring)

@: mighty
A: clever 1
a: no special abilities


You were on level 4 of the Dungeon.
You visited 1 branch of the dungeon, and saw 4 of its levels.

You collected 262 gold pieces.

Inventory:

Hand Weapons
 a - a +1 war axe (weapon)
Armour
 b - a +1 scale mail (worn)
 c - a +0 buckler (worn)
Jewellery
 i - a ring of positive energy (left hand)
Scrolls
 h - a scroll of enchant armour
Potions
 f - a potion of flight


   Skills:
 + Level 4.7 Fighting
 + Level 4.3 Axes
 + Level 4.3 Armour
 + Level 1.7 Dodging
 + Level 4.3 Shields


You had 5 spell levels left.
You didn't know any spells.
Your spell library contained the following spells:

 Spells                   Type           Power      Damage    Failure   Level
 Magic Dart               Conj           0%         1d3       80%         1
 Call Imp                 Summ           0%         N/A       91%         2
 Dazzling Flash           Conj/Hex       0%         N/A       99%         3
 Mephitic Cloud           Conj/Pois/Air  0%         N/A       99%         3
 Agony                    Necr           0%         N/A       100%        5
 Silence                  Hex/Air        0%         N/A       100%        5


Dungeon Overview and Level Annotations

Branches:
Dungeon (4/15)
 Temple: D:4-7

Altars:

Shops:
D:2 [


Innate Abilities, Weirdness & Mutations

Your mind is acute. (Int +4, Str/Dex -1)


Message History

You hit the wyvern.
The wyvern is moderately wounded.
The wyvern bites you but does no damage.
The wyvern bites you!
You hit the wyvern but do no damage.
The wyvern is lightly wounded.
The wyvern barely misses you. The wyvern misses you.
You hit the wyvern but do no damage.
The wyvern is lightly wounded.
The wyvern bites you!
* * * LOW HITPOINT WARNING * * *
The wyvern bites you.
* * * LOW HITPOINT WARNING * * *
You are too injured to fight recklessly!
You are too injured to fight recklessly!
You are too injured to fight recklessly!
You are too injured to fight recklessly!
You are too injured to fight recklessly!
You are too injured to fight recklessly!
You are too injured to fight recklessly!
You are too injured to fight recklessly!
You are too injured to fight recklessly!
You are too injured to fight recklessly!
You are too injured to fight recklessly!
You are too injured to fight recklessly!
You are too injured to fight recklessly!
You are too injured to fight recklessly!
You feel very mighty all of a sudden. The wyvern bites you.
* * * LOW HITPOINT WARNING * * *
You feel much better.
The wyvern bites you but does no damage.
The wyvern bites you!
* * * LOW HITPOINT WARNING * * *
You hit the wyvern.
The wyvern is moderately wounded.
The wyvern bites you!
* * * LOW HITPOINT WARNING * * *
The wyvern bites you!
You die...

#........................#
........#...............#
........#................
#.......#.......##....
...............## ...
.....#.##......## ..
.....####......?#...
.....###............
............@...#..
##...#.......l......
#......:.......
.........#...#.#
..##......#...# # ..
#......##..# ##...... .##
##..... ..


You could see a wyvern.

Vanquished Creatures
  A sky beast (D:3)
  5 adders
  2 worms (D:3)
  4 dart slugs
  2 orcs
  7 bats
  7 endoplasms
  9 goblins
  9 hobgoblins
  8 jackals
  2 quokkas
  3 ball pythons (D:1)
  6 frilled lizards
  7 kobolds
  4 rats
76 creatures vanquished.

Notes
Turn   | Place    | Note
-------+----------+-------------------------------------------
     0 | D:1      | qeuew the Hill Orc Fighter began the quest for the Orb.
     0 | D:1      | Reached XP level 1. HP: 19/19 MP: 1/1
   188 | D:1      | Reached XP level 2. HP: 27/27 MP: 2/2
   372 | D:1      | Reached XP level 3. HP: 27/33 MP: 3/3
   776 | D:2      | Found Rohon's Armour Boutique.
   940 | D:2      | Reached skill level 1 in Dodging
   940 | D:2      | Reached XP level 4. HP: 29/40 MP: 4/4
  1489 | D:3      | Found a faded altar of an unknown god.
  1566 | D:3      | Noticed a sky beast
  1573 | D:3      | Reached XP level 5. HP: 47/47 MP: 5/5
  1583 | D:3      | Killed a sky beast
  2023 | D:3      | Gained mutation: Your mind is acute. (Int +4, Str/Dex -1)
                  | [potion of mutation]
  2113 | D:4      | Reached XP level 6. HP: 53/53 MP: 6/6
  2135 | D:4      | Noticed a wyvern
  2144 | D:4      | Slain by a wyvern

Illustrated notes

Levels and vault maps discovered:
D:1:      roderic_chinese_lattice_arrival, layout_basic
D:2:      layout_rooms, serial_shops,
          nicolae_shop_temple_entry_statues_fountains
D:3:      cheibrodos_old_hovel, layout_rooms,
          dreamdust_ecumenical_altar_statues, minmay_crystal_water,
          minmay_circle_x
D:4:      layout_cave_pools, temple_hall, wad_woods_river_04

Skill      XL: |  1  2  3  4  5 |
---------------+----------------+-----
Axes           | 3 4 |  4.3
Fighting       | 4 |  4.7
Dodging        | 1 |  1.7
Armour         | 4 |  4.3
Shields        | 4 |  4.3

Action                   |  1- 3 |  4- 6 || total
-------------------------+-------+-------++-------
Melee: War axe           |   151 |   100 ||   251
  Use: Potion            |     4 |     6 ||    10
       Scroll            |     1 |     5 ||     6
Armor: Scale mail        |    88 |    58 ||   146
Dodge: Dodged            |    78 |    54 ||   132
Block: Buckler           |    34 |    24 ||    58

Table legend: (Time is in decaauts)
 A = Elapsed time spent in this place.
 B = Non-inter-level travel time spent in this place.
 C = Inter-level travel time spent in this place.
 D = Time resting spent in this place.
 E = Time spent auto-exploring this place.
 F = Levels seen in this place.
 G = Mean time per level.
                   A        B        C        D        E       F      G
               +--------+--------+--------+--------+--------+-----+--------+
         Total |   2224 |   2191 |     33 |     12 |   1602 |   4 |  556.0 |
       Dungeon |   2224 |   2191 |     33 |     12 |   1602 |   4 |  556.0 |
               +--------+--------+--------+--------+--------+-----+--------+

Top non-repeatable levels by time:
     D:1: 752 daAuts
     D:2: 699 daAuts
     D:3: 693 daAuts
     D:4: 78 daAuts
